 Dungeon Crawl Stone Soup version 0.31-a0-965-g8a8ce12e04 (webtiles) character file.

Game seed: 5779639001142173007

29 Xavori the Trooper (level 3, -11/30 HPs)
             Began as a Djinni Chaos Knight on Oct 26, 2023.
             Was a Plaything of Xom.
             Mangled by a guardian serpent (shapeshifter) (16 damage)
             ... on level 1 of the Dungeon.
             The game lasted 00:00:30 (496 turns).

Xavori the Trooper (Djinni Chaos Knight)             Turns: 496, Time: 00:00:30

Health: -11/30     AC:  5    Str: 11    XL:     3   Next: 32%
Gold:   44         EV: 12    Int: 13    God:    Xom [..*...] SH:  0 Dex: 14

rFire   + + .        a - +0 falchion (chaos)
rCold   x . .        (no shield)
rNeg    . . .        b - +2 leather armour
rPois   ∞            (no helmet)
rElec   .            (no cloak)
rCorr   .            (no gloves)
SInv    .            (boots unavailable)
Will    .....        (no amulet)
Stlth   +            (no ring)
HPRegen 0.25/turn    (no ring)
MPRegen 0.00/turn

%: infuse magic (-12 HP)
@: flying
A: sickness immunity, fire resistance 2, cold vulnerability 1, float, innate
caster, HP casting, extra vitality 1
a: Renounce Religion


You were on level 1 of the Dungeon.
You worshipped Xom.
You were a toy of Xom.
You visited 1 branch of the dungeon, and saw 1 of its levels.

You collected 44 gold pieces.

Inventory:

Hand Weapons
 a - a +0 falchion of chaos (weapon)
Armour
 b - a +2 leather armour (worn)
Scrolls
 c - a scroll of butterflies
 d - 3 scrolls of identify {unknown}
 e - a scroll of brand weapon {unknown}
 f - a scroll of summoning {unknown}


   Skills:
 + Level 3.2 Fighting
 + Level 2.9 Long Blades
 + Level 1.4 Armour
 + Level 2.5 Dodging
 * Level 0.7 Spellcasting
 * Level 0.7 Conjurations
 * Level 0.7 Hexes
   Level 0.0 Charms
 * Level 0.7 Summonings
 * Level 0.7 Necromancy
 * Level 0.7 Translocations
 * Level 0.7 Transmutations
 * Level 0.7 Fire Magic
 * Level 0.7 Ice Magic
 * Level 0.7 Air Magic
 * Level 0.7 Earth Magic
 * Level 0.7 Poison Magic


You knew the following spells:

 Your Spells              Type           Power      Damage    Failure   Level
a - Freeze                Ice            8%         1d3       28%         1
Your spell library was empty.

Dungeon Overview and Level Annotations

Branches:
Dungeon (1/15)

Altars:


Innate Abilities, Weirdness & Mutations

You are immune to sickness and miasma.
You are immune to poison.
Your flesh is very heat resistant. (rF++)
You are vulnerable to cold. (rC-)
You float through the air rather than walking.
You learn spells naturally, not from books.
Your magical power is your life essence.
You have superior vitality. (+4 MHP)


Message History

The bat is moderately wounded.
The bat barely misses you. The bat hits you.
A bat is nearby!
You barely miss the bat. The bat barely misses you.
A bat is nearby!
You hit the bat. You freeze the bat.
You kill the bat!
Key pressed, stopping explore.
No target in view!
No target in view!
An endoplasm comes into view.
An endoplasm is nearby!
An endoplasm is nearby!
An endoplasm is nearby!
You hit the endoplasm.
You kill the endoplasm!
Key pressed, stopping explore.
No target in view!
No target in view!
A frilled lizard comes into view.
A frilled lizard is nearby!
The helpless frilled lizard fails to defend itself.
You hit the frilled lizard.
The frilled lizard changes into a shapeshifter!
The shapeshifter is lightly wounded.
The shapeshifter changes into a guardian serpent!
A guardian serpent is nearby!
You barely miss the guardian serpent. The guardian serpent barely misses you.
A guardian serpent is nearby!
You closely miss the guardian serpent. The guardian serpent hits you!
Ouch! That really hurt!
The guardian serpent hits you!
* * * LOW HITPOINT WARNING * * *
A guardian serpent is nearby!
You barely miss the guardian serpent.
The guardian serpent completely misses you.
The guardian serpent hits you!
Ouch! That really hurt!
You die...
Xom titters!

...#...................
...#...###...#...#.#..#
...................
.......###...##..#.
.......# #........ #
.......# ##..##.. .# #
......## ##..##.##.#.###
........................
......### #..##.@S......
......# #..##.####.###
......#####..##.#
.............##.####.##
.......................
......#####.###.####.##
#..................
#...............###
#..................


You could see a guardian serpent shaped shifter.

Vanquished Creatures
  2 ball pythons (D:1)
  3 endoplasms (D:1)
  6 giant cockroaches (D:1)
  2 hobgoblins (D:1)
  3 quokkas (D:1)
  3 bats (D:1)
  2 frilled lizards (D:1)
  A goblin (D:1)
  3 rats (D:1)
25 creatures vanquished.

Notes
Turn   | Place    | Note
-------+----------+-------------------------------------------
     0 | D:1      | Xavori the Djinni Chaos Knight began the quest for the Orb.
     0 | D:1      | Reached XP level 1. HP: 20/20 MP: 0/0
    75 | D:1      | Reached XP level 2. HP: 25/25 MP: 0/0
   195 | D:1      | XOM: scenery: 1 doors close
   361 | D:1      | Reached XP level 3. HP: 30/30 MP: 0/0
   361 | D:1      | Learned a level 1 spell: Freeze
   493 | D:1      | a frilled lizard changed into a shapeshifter
   493 | D:1      | Noticed a shapeshifter (shapeshifter)
   493 | D:1      | a shapeshifter changed into a guardian serpent
   493 | D:1      | Noticed a guardian serpent (shapeshifter)
   496 | D:1      | Mangled by a guardian serpent (shapeshifter)

Illustrated notes

Levels and vault maps discovered:
D:1:      dpeg_arrival_more_subterranean_lakeside_camping, layout_basic,
          minmay_worlds_worst_comb

Action                     || total
---------------------------++-------
  Melee: Falchion          ||    71
         Punch             ||     1
   Stab: Sleeping          ||     1
 Armour: Leather armour    ||    46
  Dodge: Dodged            ||    54

Table legend: (Time is in decaauts)
 A = Elapsed time spent in this place.
 B = Non-inter-level travel time spent in this place.
 C = Inter-level travel time spent in this place.
 D = Time resting spent in this place.
 E = Time spent auto-exploring this place.
 F = Levels seen in this place.
 G = Mean time per level.
                   A        B        C        D        E       F      G
               +--------+--------+--------+--------+--------+-----+--------+
         Total |    507 |    507 |      0 |      0 |    349 |   1 |  507.0 |
       Dungeon |    507 |    507 |      0 |      0 |    349 |   1 |  507.0 |
               +--------+--------+--------+--------+--------+-----+--------+

Top non-repeatable levels by time:
     D:1: 507 daAuts
